 Dungeon Crawl Stone Soup version 0.30-a0-1035-g38d5fb2972 (webtiles) character file.

Game seed: 5568852863561650627

2 Pooter the Shooter (level 1, -1/18 HPs)
             Began as a Minotaur Hunter on Apr 8, 2023.
             Slain by a quokka (2 damage)
             ... on level 1 of the Dungeon.
             The game lasted 00:01:16 (143 turns).

Pooter the Shooter (Minotaur Hunter)                 Turns: 143, Time: 00:01:16

Health: -1/18      AC:  3    Str: 15    XL:     1   Next: 33%
Magic:  0/0        EV: 12    Int:  6    God:
Gold:   13         SH:  0    Dex: 13    Spells: 0/0 levels left

rFire   . . .      SeeInvis .    (no weapon)
rCold   . . .      Faith    .    (no shield)
rNeg    . . .      Spirit   .    c - +0 leather armour
rPois   .          Reflect  .    (helmet restricted)
rElec   .          Rampage  .    (no cloak)
rCorr   .                        (no gloves)
Will    .....                    (no boots)
Stlth   +                        (no amulet)
HPRegen 0.23/turn                (no ring)
MPRegen 0.07/turn                (no ring)

@: no status effects
A: horns 2, retaliatory headbutt
a: no special abilities


You were on level 1 of the Dungeon.
You visited 1 branch of the dungeon, and saw 1 of its levels.

You collected 13 gold pieces.

Inventory:

Hand Weapons
 a - a +0 shortbow
Armour
 c - a +0 leather armour (worn)
Scrolls
 b - a scroll of immolation {!r}
 d - a scroll of identify {unknown}
 e - a scroll of fog {unknown}
 f - a scroll of poison {unknown}
 g - a scroll of silence {unknown}


   Skills:
 + Level 2.5 Fighting
 * Level 4.5 Ranged Weapons
 - Level 2.1 Dodging
 - Level 0.7 Stealth


You couldn't memorise any spells.
You didn't know any spells.
Your spell library contained the following spells:

 Spells                   Type           Power      Damage    Failure   Level
 Ozocubu's Armour         Ice            0%         N/A       88%         3
 Metabolic Englaciation   Hex/Ice        0%         N/A       100%        5
 Simulacrum               Ice/Necr       0%         N/A       100%        6


Dungeon Overview and Level Annotations

Branches:
Dungeon (1/15)

Altars:


Innate Abilities, Weirdness & Mutations

You have a pair of horns on your head.
You reflexively headbutt those who attack you in melee.


Message History

A kobold comes into view. It is wielding a +0 club.
The quokka twitches its whiskers.
The hobgoblin hits you but does no damage.
The kobold throws a stone.
The stone closely misses you.
You shoot an arrow. The arrow barely misses the hobgoblin.
The arrow hits the quokka but does no damage.
The hobgoblin hits you.
The kobold throws a stone.
The stone closely misses you.
You are now empty-handed.
You hit the hobgoblin but do no damage. Your headbutt misses the hobgoblin.
The hobgoblin closely misses you.
You hit the hobgoblin.
You kill the hobgoblin!
You closely miss the quokka. Your headbutt misses the quokka.
The quokka misses you. You furiously retaliate!
You headbutt the quokka.
The kobold throws a stone.
The stone barely misses you. The quokka bites you.
You closely miss the quokka. Your headbutt misses the quokka.
The quokka bites you.
You are too injured to fight recklessly!
You are too injured to fight recklessly!
You barely miss the quokka. The quokka closely misses you.
You barely miss the quokka.
The kobold throws a stone.
The stone closely misses you. The quokka barely misses you.
You hit the quokka but do no damage. The quokka closely misses you.
You furiously retaliate!
You headbutt the quokka, but do no damage.
You miss the quokka. Your headbutt misses the quokka. The quokka bites you.
* * * LOW HITPOINT WARNING * * *
A ball python comes into view.
The quokka bites you.
* * * LOW HITPOINT WARNING * * *
You hit the kobold but do no damage. Your headbutt misses the kobold.
The kobold closely misses you. The quokka misses you.
You hit the kobold. The kobold barely misses you. The quokka barely misses you.
You hit the kobold but do no damage. Your headbutt misses the kobold.
The kobold misses you. The quokka bites you.
* * * LOW HITPOINT WARNING * * *
You closely miss the kobold. The kobold closely misses you.
The quokka barely misses you.
You aren't carrying any potions.
Okay, then.
You miss the kobold. The quokka bites you.
* * * LOW HITPOINT WARNING * * *
The kobold hits you with a +0 club.
* * * LOW HITPOINT WARNING * * *
The quokka closely misses you.
Unknown command.
You hit the kobold. The kobold hits you but does no damage.
The quokka bites you.
You die...

### # #. # #. # #.# #
#### .†## .##
...###########..##..
#........... ....?.
####.##########..## #
#..## ##...@K##... #
##..#####.....r......
##...##......S......
###.##.............
#..#.............
##...............
###...........>.
..............
##............


You could see a quokka, a ball python and a kobold.

Vanquished Creatures
  A hobgoblin (D:1)
  A bat (D:1)
  A rat (D:1)
3 creatures vanquished.

Notes
Turn   | Place    | Note
-------+----------+-------------------------------------------
     0 | D:1      | Pooter the Minotaur Hunter began the quest for the Orb.
     0 | D:1      | Reached XP level 1. HP: 18/18 MP: 0/0
     3 | D:1      | Noticed an electric eel
     5 | D:1      | Noticed an electric eel
   143 | D:1      | Slain by a quokka

Illustrated notes

Levels and vault maps discovered:
D:1:      arrival_aquarium_b, layout_rooms

Action                     || total
---------------------------++-------
  Melee: Unarmed           ||    14
   Fire: Shortbow          ||    12
 Armour: Leather armour    ||     3
  Dodge: Dodged            ||    21

Table legend: (Time is in decaauts)
 A = Elapsed time spent in this place.
 B = Non-inter-level travel time spent in this place.
 C = Inter-level travel time spent in this place.
 D = Time resting spent in this place.
 E = Time spent auto-exploring this place.
 F = Levels seen in this place.
 G = Mean time per level.
                   A        B        C        D        E       F      G
               +--------+--------+--------+--------+--------+-----+--------+
         Total |    145 |    145 |      0 |      0 |    101 |   1 |  145.0 |
       Dungeon |    145 |    145 |      0 |      0 |    101 |   1 |  145.0 |
               +--------+--------+--------+--------+--------+-----+--------+

Top non-repeatable levels by time:
     D:1: 145 daAuts
